 Dungeon Crawl Stone Soup version 0.30.1-9-gdf580d7c3d (webtiles) character file.

Game seed: 17947697195578763805

45 safid the Chiller (level 3, -1/27 HPs)
             Began as a Merfolk Ice Elementalist on Oct 16, 2023.
             Succumbed to an adder's poison
             ... on level 2 of the Dungeon.
             The game lasted 00:01:26 (1644 turns).

safid the Chiller (Merfolk Ice Elementalist)        Turns: 1644, Time: 00:01:27

Health: -1/27      AC:  6    Str:  6    XL:     3   Next: 64%
Magic:  4/6        EV: 12    Int: 16    God:
Gold:   10         SH:  0    Dex: 14    Spells: 3/7 levels left

rFire   . . .        f - +0 short sword
rCold   . . .        (no shield)
rNeg    . . .        a - +0 robe
rPois   .            (no helmet)
rElec   +            (no cloak)
rCorr   .            (no gloves)
SInv    .            (no boots)
Will    .....        (no amulet)
Stlth   ++           e - +4 ring of protection
HPRegen 0.24/turn    (no ring)
MPRegen 0.10/turn

%: no passive effects
@: lethally poisoned (-1 -> -8), flying, hasted, invisible, very quick
A: (nimble swimmer 2), mertail, claws 1, electricity resistance, weak 1
a: no special abilities


You were on level 2 of the Dungeon.
You visited 1 branch of the dungeon, and saw 2 of its levels.

You collected 10 gold pieces.

Inventory:

Hand Weapons
 f - a +0 short sword (weapon)
Armour
 a - a +0 robe (worn)
Jewellery
 e - a +4 ring of protection (left claw)
Scrolls
 c - a scroll of poison {unknown}
 d - a scroll of fog {unknown}
 k - a scroll of vulnerability {unknown}
Potions
 b - a potion of magic


   Skills:
 + Level 1.8 Fighting
 - Level 2.6 Dodging
 - Level 2.1 Stealth
 + Level 2.6 Spellcasting
 + Level 4.9 Ice Magic


You had 3 spell levels left.
You knew the following spells:

 Your Spells              Type           Power      Damage    Failure   Level
a - Freeze                Ice            68%        1d8       2%          1
b - Frozen Ramparts       Ice            34%        1d6       8%          3

Your spell library contained the following spells:

 Spells                   Type           Power      Damage    Failure   Level
 Ozocubu's Armour         Ice            17%        N/A       8%          3
 Summon Ice Beast         Ice/Summ       9%         N/A       56%         4


Dungeon Overview and Level Annotations

Branches:
Dungeon (2/15)

Altars:


Innate Abilities, Weirdness & Mutations

((You are very nimble when in or above water. (Stealth+, EV+, Speed+++)))
Your lower body shifts to a powerful aquatic tail in water.
You have sharp fingernails.
You are resistant to electric shocks. (rElec)
You are weak. (Str -2)


Message History

The adder is almost dead.
You feel sick. The adder bites you.
You are more poisoned.
The adder poisons you! The adder misses you.
The adder bites you but does no damage. The adder closely misses you.
The kobold hits you with a +0 short sword.
You feel sick. The adder bites you.
You are lethally poisoned!
The adder poisons you!
You feel very sick.
Casting: Freeze (safe; 2% risk of failure)
Confirm with . or Enter, or press ? or * to list all spells.
Aiming: Freeze (safe; 2% risk of failure)
Press: ? - help, Shift-Dir - straight line, f - adder, p - adder
Aim: an adder You freeze the adder.
The adder is moderately wounded.
* * * LOW HITPOINT WARNING * * *
You feel very sick. The adder barely misses you.
The adder bites you but does no damage.
It was a potion of mutation.
You feel extremely strange.
Your fingernails lengthen.
You feel weaker.
You feel insulated.
* * * LOW HITPOINT WARNING * * *
You feel sick. The adder bites you.
* * * LOW HITPOINT WARNING * * *
You are more poisoned.
The adder poisons you!
It was a potion of flight.
You feel very buoyant.
You fly up into the air.
* * * LOW HITPOINT WARNING * * *
You feel sick. The adder completely misses you.
Unknown command.
It was a potion of invisibility.
You fade into invisibility!
* * * LOW HITPOINT WARNING * * *
You feel sick. The adder barely misses you. x2
Unknown command.
It was a potion of haste.
You feel yourself speed up.
You die...

#.# #. .#
#.# #. .#
#.# ###.##.#
########.#
#......#
#........#
###......#
#.########
.........
#.#
#....r######
#.#
#....SS@...#
#.#
##########.#
#.# #.# #.#
#.####.#
#......#
########


You could see 2 adders and a quokka (unable to see you).

Vanquished Creatures
  2 adders (D:2)
  A dart slug (D:2)
  2 endoplasms (D:1)
  3 hobgoblins (D:1)
  A quokka (D:1)
  9 bats
  A frilled lizard (D:1)
  2 goblins (D:1)
  4 kobolds
  A rat (D:1)
26 creatures vanquished.

Notes
Turn   | Place    | Note
-------+----------+-------------------------------------------
     0 | D:1      | safid the Merfolk Ice Elementalist began the quest for the
                  | Orb.
     0 | D:1      | Reached XP level 1. HP: 13/13 MP: 3/3
   360 | D:1      | Reached XP level 2. HP: 7/20 MP: 3/5
   471 | D:1      | Reached skill level 1 in Fighting
   655 | D:1      | Found a faded altar of an unknown god.
  1370 | D:2      | Reached XP level 3. HP: 26/26 MP: 3/6
  1374 | D:2      | Learned a level 3 spell: Frozen Ramparts
  1641 | D:2      | Gained mutation: You have sharp fingernails. [potion of
                  | mutation]
  1641 | D:2      | Gained mutation: You are weak. (Str -2) [potion of
                  | mutation]
  1641 | D:2      | Gained mutation: You are resistant to electric shocks.
                  | (rElec) [potion of mutation]
  1643 | D:2      | HP: 1/27 [poisoned by an adder]
  1644 | D:2      | Succumbed to an adder's poison

Illustrated notes

Levels and vault maps discovered:
D:1:      onia_arrival_mini_maze, layout_basic, basic_ecumenical_altar
D:2:      layout_loops_ring

Skill      XL: |  1  2 |
---------------+-------+-----
Fighting       | 1 |  1.8
Dodging        | |  2.6
Stealth        | |  2.1
Spellcasting   | |  2.6
Ice Magic      | |  4.9

Action                     || total
---------------------------++-------
  Melee: Short sword       ||    68
         Club              ||     3
   Cast: Freeze            ||    18
    Use: Potion            ||     4
   Stab: Sleeping          ||     4
 Armour: Robe              ||    42
  Dodge: Dodged            ||    71
